SNL (28 & UNDER)
SALEM SILVER SOULS @ SANTA FE DIABLOS
05/23/2029
 
TOP OF THE 1ST
Salem Silver Souls batting - Pitching for Santa Fe Diablos : RHP Jerry Campbell
Pitching: RHP Jerry Campbell
Batting: LHB Alberto Varela 0-0: Ball
1-0: Called Strike
1-1: Ball
2-1: Ball
3-1: Called Strike
3-2: Foul Ball, location: 2F
3-2: Foul Ball, location: 2F
3-2: Strikes out looking
Batting: RHB Carlos Sánchez 0-0: SINGLE (Flyball, 7LS)
Batting: SHB Felipe Castro 0-0: Ball
1-0: Called Strike
1-1: Ball
2-1: Ground out U3 (Groundball, 34)
Carlos Sánchez to second
Batting: LHB Hamilton Hughes 0-0: Ball
1-0: Foul Ball, location: 2F
1-1: Called Strike
1-2: Foul Ball, location: 2F
1-2: Ball
2-2: Ball
3-2: SINGLE (Flyball, 78S)
Carlos Sánchez to third
Carlos Sánchez scores
Batting: SHB Dale Winters 0-0: Ball
1-0: SINGLE (Line Drive, 78S)
Hamilton Hughes to second
Batting: SHB Dawson Fowler 0-0: Fly out, F8 (Line Drive, 8RM)
Top of the 1st over - 1 run, 3 hits, 0 errors, 2 left on base; Salem 1 - Santa Fe 0
BOTTOM OF THE 1ST
Santa Fe Diablos batting - Pitching for Salem Silver Souls : RHP Víctor Hernández
Pitching: RHP Víctor Hernández
Batting: RHB Félix Campos 0-0: Ground out 5-3 (Groundball, 5)
Batting: RHB David Ward 0-0: Ground out 5-3 (Groundball, 56)
Batting: LHB Arturo Rodledo 0-0: Swinging Strike
0-1: Called Strike
0-2: Ball
1-2: Ball
2-2: Ball
3-2: Base on Balls
Batting: RHB Ray Ervin 0-0: Swinging Strike
0-1: Fly out, F5 (Popup, 56)
Bottom of the 1st over - 0 runs, 0 hits, 0 errors, 1 left on base; Salem 1 - Santa Fe 0
TOP OF THE 2ND
Salem Silver Souls batting - Pitching for Santa Fe Diablos : RHP Jerry Campbell
Batting: RHB José Dávila 0-0: Called Strike
0-1: Ball
1-1: Ball
2-1: SOLO HOME RUN (Flyball, 7D), Distance : 365 ft
Batting: SHB Caleb Hart 0-0: Called Strike
0-1: Called Strike
0-2: Foul Ball, location: 2F
0-2: Ball
1-2: Ball
2-2: Foul Ball, location: 2F
2-2: Foul Ball, location: 2F
2-2: Fly out, F8 (Flyball, 8LD)
Batting: RHB José López 0-0: Ball
1-0: Called Strike
1-1: SINGLE (Flyball, 9S)
Batting: LHB Alberto Varela 0-0: Ground out U3 (Groundball, 34S)
José López to second
Batting: RHB Carlos Sánchez 0-0: Ball
1-0: Called Strike
1-1: Ball
2-1: SINGLE (Line Drive, 8LS)
José López to third
Runner from 3rd tries for Home, SAFE, no throw
Batting: SHB Felipe Castro 0-0: Ball
1-0: Called Strike
1-1: Foul Ball, location: 2F
1-2: SINGLE (Line Drive, 89S)
Carlos Sánchez to second
Batting: LHB Hamilton Hughes 0-0: Ball
1-0: Foul Ball, location: 2F
1-1: Foul Ball, location: 2F
1-2: Fly out, F9 (Flyball, 9LS)
Top of the 2nd over - 2 runs, 4 hits, 0 errors, 2 left on base; Salem 3 - Santa Fe 0
BOTTOM OF THE 2ND
Santa Fe Diablos batting - Pitching for Salem Silver Souls : RHP Víctor Hernández
Batting: LHB Juan Torres 0-0: Called Strike
0-1: SINGLE (Flyball, 89S)
Batting: LHB Michael Barrett 0-0: Fly out, F7 (Flyball, 7S)
Batting: RHB Frank Martínez 0-0: Ball
1-0: Fly out, F8 (Flyball, 8RM)
Batting: RHB Carlos Jiménez 0-0: Called Strike
0-1: Fly out, F9 (Flyball, 89S)
Bottom of the 2nd over - 0 runs, 1 hit, 0 errors, 1 left on base; Salem 3 - Santa Fe 0
TOP OF THE 3RD
Salem Silver Souls batting - Pitching for Santa Fe Diablos : RHP Jerry Campbell
Batting: SHB Dale Winters 0-0: Ball
1-0: Fly out, F8 (Flyball, 8LM)
Batting: SHB Dawson Fowler 0-0: Ball
1-0: Fly out, F8 (Flyball, 8RS)
Batting: RHB José Dávila 0-0: SINGLE (Line Drive, 4MD)
Batting: SHB Caleb Hart 0-0: Ball
José Dávila steals 2nd base
1-0: Ball
2-0: Swinging Strike
2-1: Fly out, F9 (Flyball, 9)
Top of the 3rd over - 0 runs, 1 hit, 0 errors, 1 left on base; Salem 3 - Santa Fe 0
BOTTOM OF THE 3RD
Santa Fe Diablos batting - Pitching for Salem Silver Souls : RHP Víctor Hernández
Batting: RHB Adam Reeves 0-0: Called Strike
0-1: Ball
1-1: Ball
2-1: Ball
3-1: Base on Balls
Batting: RHB Félix Campos 0-0: Ball
1-0: Called Strike
1-1: Called Strike
1-2: Grounds into double play, 4-6-3 (Groundball, 4)
Batting: RHB David Ward 0-0: Ball
1-0: Foul Ball, location: 2F
1-1: Swinging Strike
1-2: Foul Ball, location: 2F
1-2: Strikes out looking
Bottom of the 3rd over - 0 runs, 0 hits, 0 errors, 0 left on base; Salem 3 - Santa Fe 0
TOP OF THE 4TH
Salem Silver Souls batting - Pitching for Santa Fe Diablos : RHP Jerry Campbell
Batting: RHB José López 0-0: Called Strike
0-1: Called Strike
0-2: Ball
1-2: SINGLE (Line Drive, 4MD)
Batting: LHB Alberto Varela 0-0: SINGLE (Line Drive, 78S)
José López to second
Batting: RHB Carlos Sánchez 0-0: Ball
1-0: Fly out, F8 (Flyball, 8LS)
Batting: SHB Felipe Castro 0-0: Foul Ball, location: 2F
0-1: DOUBLE (Line Drive, 8LXD)
José López scores
Alberto Varela to third
Batting: LHB Hamilton Hughes 0-0: Ball
1-0: Swinging Strike
1-1: Foul Ball, location: 2F
1-2: DOUBLE (Flyball, 7D)
Alberto Varela scores
Felipe Castro scores
Batting: SHB Dale Winters 0-0: Swinging Strike
0-1: Ball
1-1: Ball
2-1: Foul Ball, location: 2F
2-2: Strikes out swinging
Batting: SHB Dawson Fowler 0-0: Ground out 4-3 (Groundball, 4)
Top of the 4th over - 3 runs, 4 hits, 0 errors, 1 left on base; Salem 6 - Santa Fe 0
BOTTOM OF THE 4TH
Santa Fe Diablos batting - Pitching for Salem Silver Souls : RHP Víctor Hernández
Batting: LHB Arturo Rodledo 0-0: Called Strike
0-1: Ball
1-1: Ball
2-1: Swinging Strike
2-2: Strikes out swinging
Batting: RHB Ray Ervin 0-0: Ball
1-0: Ball
2-0: Called Strike
2-1: Ball
3-1: Base on Balls
Batting: LHB Juan Torres 0-0: Foul Ball, location: 2F
0-1: Ball
1-1: Foul Ball, location: 2F
1-2: Strikes out swinging
Batting: LHB Michael Barrett 0-0: Called Strike
0-1: Ball
1-1: Fly out, F5 (Line Drive, 56)
Bottom of the 4th over - 0 runs, 0 hits, 0 errors, 1 left on base; Salem 6 - Santa Fe 0
TOP OF THE 5TH
Salem Silver Souls batting - Pitching for Santa Fe Diablos : RHP Jerry Campbell
Pitching: RHP Pablo Ortíz
Batting: RHB José Dávila 0-0: Foul Ball, location: 2F
0-1: Swinging Strike
0-2: Ball
1-2: Ground out 6-3 (Groundball, 6)
Batting: SHB Caleb Hart 0-0: Ball
1-0: Foul Ball, location: 2F
1-1: Foul Ball, location: 2F
1-2: Foul Ball, location: 2F
1-2: Strikes out swinging
Batting: RHB José López 0-0: Called Strike
0-1: Swinging Strike
0-2: Strikes out swinging
Top of the 5th over - 0 runs, 0 hits, 0 errors, 0 left on base; Salem 6 - Santa Fe 0
BOTTOM OF THE 5TH
Santa Fe Diablos batting - Pitching for Salem Silver Souls : RHP Víctor Hernández
Batting: RHB Frank Martínez 0-0: Ball
1-0: Ball
2-0: Foul Ball, location: 2F
2-1: Ball
3-1: Base on Balls
Batting: RHB Carlos Jiménez 0-0: Ball
1-0: Fielders Choice at 2nd, 4-6 (Groundball, 4)
Batting: RHB Adam Reeves 0-0: Foul Ball, location: 2F
0-1: Called Strike
0-2: Ball
1-2: Strikes out looking
Batting: RHB Félix Campos 0-0: Called Strike
0-1: Foul Ball, location: 2F
0-2: Ball
Carlos Jiménez steals 2nd base
1-2: Ball
2-2: Ball
3-2: Ground out 6-3 (Groundball, 6)
Bottom of the 5th over - 0 runs, 0 hits, 0 errors, 1 left on base; Salem 6 - Santa Fe 0
TOP OF THE 6TH
Salem Silver Souls batting - Pitching for Santa Fe Diablos : RHP Pablo Ortíz
Batting: LHB Alberto Varela 0-0: Ball
1-0: Ball
2-0: Swinging Strike
2-1: SINGLE (Groundball, 34D)
Batting: RHB Carlos Sánchez 0-0: Swinging Strike
0-1: Grounds into double play, 4-6-3 (Groundball, 4)
Batting: SHB Felipe Castro 0-0: Fly out, F7 (Flyball, 78D)
Top of the 6th over - 0 runs, 1 hit, 0 errors, 0 left on base; Salem 6 - Santa Fe 0
BOTTOM OF THE 6TH
Santa Fe Diablos batting - Pitching for Salem Silver Souls : RHP Víctor Hernández
Batting: RHB David Ward 0-0: Called Strike
0-1: SINGLE (Line Drive, 8LS)
Batting: LHB Arturo Rodledo 0-0: Ball
1-0: Called Strike
1-1: Called Strike
1-2: Strikes out swinging
Batting: RHB Ray Ervin 0-0: Foul Ball, location: 2F
0-1: Swinging Strike
0-2: Ball
1-2: Strikes out swinging
Batting: LHB Juan Torres 0-0: Called Strike
0-1: Foul Ball, location: 2F
0-2: Ball
1-2: Strikes out swinging
Bottom of the 6th over - 0 runs, 1 hit, 0 errors, 1 left on base; Salem 6 - Santa Fe 0
TOP OF THE 7TH
Salem Silver Souls batting - Pitching for Santa Fe Diablos : RHP Pablo Ortíz
Batting: LHB Hamilton Hughes 0-0: Foul Ball, location: 2F
0-1: Ball
1-1: SINGLE (Groundball, 4D)
Batting: SHB Dale Winters 0-0: Swinging Strike
0-1: Ball
Hamilton Hughes is caught stealing 2nd base
1-1: SINGLE (Groundball, 4MD)
Batting: SHB Dawson Fowler 0-0: Called Strike
Dale Winters steals 2nd base
0-1: Ball
1-1: Ground out 4-3 (Groundball, 4)
Dale Winters to third
Batting: RHB José Dávila 0-0: Called Strike
0-1: Swinging Strike
0-2: Ball
1-2: Ball
2-2: DOUBLE (Line Drive, 89M)
Dale Winters scores
Batting: SHB Caleb Hart 0-0: Ball
1-0: Fly out, F8 (Flyball, 8LD)
Top of the 7th over - 1 run, 3 hits, 0 errors, 1 left on base; Salem 7 - Santa Fe 0
BOTTOM OF THE 7TH
Santa Fe Diablos batting - Pitching for Salem Silver Souls : RHP Víctor Hernández
Batting: LHB Michael Barrett 0-0: Swinging Strike
0-1: Ball
1-1: Foul Ball, location: 2F
1-2: Ball
2-2: Foul Ball, location: 2F
2-2: Fly out, F7 (Flyball, 78S)
Batting: RHB Frank Martínez 0-0: Called Strike
0-1: Ball
1-1: Ball
2-1: Ball
3-1: Base on Balls
Batting: RHB Carlos Jiménez 0-0: Swinging Strike
0-1: Called Strike
0-2: Strikes out looking
Batting: RHB Adam Reeves 0-0: Ball
1-0: Ball
2-0: Fly out, F8 (Flyball, 8LD)
Bottom of the 7th over - 0 runs, 0 hits, 0 errors, 1 left on base; Salem 7 - Santa Fe 0
TOP OF THE 8TH
Salem Silver Souls batting - Pitching for Santa Fe Diablos : RHP Pablo Ortíz
Batting: RHB José López 0-0: Ball
1-0: DOUBLE (Line Drive, 7LM)
Batting: LHB Alberto Varela 0-0: SINGLE (Popup, 6D)
José López to third
Runner from 3rd tries for Home, SAFE, throw made home
Alberto Varela to second
Batting: RHB Carlos Sánchez 0-0: DOUBLE (Line Drive, 5D)
Alberto Varela scores
Batting: SHB Felipe Castro 0-0: Foul Ball, location: 2F
0-1: Ball
1-1: Called Strike
1-2: Ball
2-2: 2-RUN HOME RUN (Flyball, 9LD), Distance : 330 ft
Batting: LHB Hamilton Hughes 0-0: Ball
1-0: Foul Ball, location: 2F
1-1: Ball
2-1: Ball
3-1: Fly out, F8 (Flyball, 8RD)
Batting: SHB Dale Winters 0-0: Foul Ball, location: 2F
0-1: Ball
1-1: SINGLE (Flyball, 89M)
Batting: SHB Dawson Fowler 0-0: Called Strike
0-1: Ball
1-1: Ground out 5-3 (Groundball, 56S)
Dale Winters to second
Batting: RHB José Dávila 0-0: Foul Ball, location: 2F
0-1: Ball
1-1: Fly out, F6 (Line Drive, 56)
Top of the 8th over - 4 runs, 5 hits, 0 errors, 1 left on base; Salem 11 - Santa Fe 0
BOTTOM OF THE 8TH
Santa Fe Diablos batting - Pitching for Salem Silver Souls : RHP Víctor Hernández
Now at C: Jaime Rodríguez
Now in LF: Rusty Anderson
Batting: RHB Félix Campos 0-0: Ball
1-0: Ball
2-0: Foul Ball, location: 2F
2-1: Ball
3-1: Foul Ball, location: 2F
3-2: Fly out, F8 (Line Drive, 8LD)
Batting: RHB David Ward 0-0: Ball
1-0: SOLO HOME RUN (Flyball, 9LD), Distance : 340 ft
Batting: LHB Arturo Rodledo 0-0: Called Strike
0-1: SOLO HOME RUN (Flyball, 9D), Distance : 351 ft
Batting: RHB Ray Ervin 0-0: Fly out, F2 (Popup, 23F)
Batting: LHB Juan Torres 0-0: Ball
1-0: Ball
2-0: Ball
3-0: Base on Balls
Batting: LHB Michael Barrett 0-0: Ball
1-0: Reached on error, E5 (Groundball, 56)
Juan Torres to second
Batting: RHB Frank Martínez 0-0: Called Strike
0-1: Fly out, F7 (Line Drive, 7)
Bottom of the 8th over - 2 runs, 2 hits, 1 error, 2 left on base; Salem 11 - Santa Fe 2
TOP OF THE 9TH
Salem Silver Souls batting - Pitching for Santa Fe Diablos : RHP Pablo Ortíz
Pitching: RHP Héctor Rodríguez
Batting: SHB Caleb Hart 0-0: Foul Ball, location: 2F
0-1: Ground out 4-3 (Groundball, 4)
Batting: RHB Jaime Rodríguez 0-0: Called Strike
0-1: Ground out 5-3 (Groundball, 56S)
Batting: LHB Alberto Varela 0-0: Called Strike
0-1: Fly out, F7 (Flyball, 7)
Top of the 9th over - 0 runs, 0 hits, 0 errors, 0 left on base; Salem 11 - Santa Fe 2
BOTTOM OF THE 9TH
Santa Fe Diablos batting - Pitching for Salem Silver Souls : RHP Víctor Hernández
Pitching: RHP Taylor Bowen
Batting: RHB Carlos Jiménez 0-0: Ball
1-0: Ball
2-0: Called Strike
2-1: Swinging Strike
2-2: Ball
3-2: Base on Balls
Batting: RHB Adam Reeves 0-0: Ball
1-0: Ball
2-0: Foul Ball, location: 2F
2-1: Ball
3-1: Called Strike
3-2: Fly out, F7 (Flyball, 7)
Batting: RHB Félix Campos 0-0: Ball
1-0: Called Strike
1-1: Swinging Strike
1-2: Strikes out swinging
Batting: RHB David Ward 0-0: Called Strike
0-1: Ball
1-1: SINGLE (Flyball, 78M)
Carlos Jiménez to second
Batting: LHB Arturo Rodledo 0-0: Foul Ball, location: 2F
0-1: Ball
1-1: Ball
2-1: Ball
3-1: Swinging Strike
3-2: Base on Balls
Carlos Jiménez to third
David Ward to second
Batting: RHB Ray Ervin 0-0: Fly out, F8 (Flyball, 8LD)
Bottom of the 9th over - 0 runs, 1 hit, 0 errors, 3 left on base; Salem 11 - Santa Fe 2
Saturday, December 16th, 2017 - OOTP Baseball 18.8 Build 76